AoeStats
← Kanto

Arena

510619999Analyzed
4v4 RM · 1d ago on Oct 1, 2026· 43m 35s· 8 players
Game mode
Random Map
Map size
Large (8 player)
Population
200
Speed
Normal
Resources
Standard
Victory
Conquest
Starting age
Dark Age
Ending age
Imperial Age
RankedLock teamsTeams togetherTeam positionsShared explorationLock speedFull tech treeHidden civsTurbo modeCheats
Victory
Defeat
🇪🇸 Persians · Spain
943
+14
🇮🇳 Gurjaras · India
917
+33
🇺🇸 Portuguese · United States
874
+17
🇺🇸 Japanese · United States
873
+16
🇹🇷 Persians · Türkiye
901
-16
🇨🇿 Goths · Czechia
895
-16
🇪🇸 Italians · Spain
886
-15
🇪🇸 Malay · Spain
873
-15
madness
12:10 Feudal Age
13:35 Double-Bit Axe
13:34 Horse Collar
16:00 Castle Age
15:31 Wheelbarrow
17:46 Bow Saw
24:51 Heavy Plow
27:11 Hand Cart
27:47 Town Watch
27:49 Loom
28:55 Forging
28:45 Scale Mail Armor
29:21 Town Patrol
33:04 Imperial Age
31:13 Iron Casting
30:53 Chain Mail Armor
30:50 Gold Mining
31:45 Anarchy
31:22 Pikeman
31:33 Man-at-Arms
32:15 Squires
34:18 Padded Archer Armor
35:19 Blast Furnace
35:21 Chemistry
35:29 Two-Man Saw
34:36 Elite Huskarl
35:16 Perfusion
35:38 Conscription
35:39 Leather Archer Armor
36:58 Scale Barding Armor
37:12 Light Cavalry
37:52 Husbandry
38:04 Bloodlines
38:31 Bloodlines
38:23 Husbandry
37:48 Hussar
38:29 Husbandry
◄ Bikar ►
11:11 Feudal Age
12:13 Loom
15:10 Castle Age
13:55 Double-Bit Axe
21:06 Forging
26:37 Gold Mining
26:58 Bow Saw
26:31 Horse Collar
27:37 Wheelbarrow
28:41 Hand Cart
29:57 Town Watch
32:43 Gold Shaft Mining
33:29 Heavy Plow
36:30 Imperial Age
35:20 Crossbowman
36:08 Thumb Ring
36:36 Masonry
36:07 Treadmill Crane
36:19 Arbalester
40:39 Fletching
40:49 Padded Archer Armor
41:21 Conscription
42:10 Chemistry
41:31 Ballistics
41:37 Squires
Pelanuski
12:01 Feudal Age
15:54 Castle Age
16:57 Loom
17:14 Double-Bit Axe
18:04 Fletching
18:39 Squires
18:55 Squires
20:38 Horse Collar
25:00 Scale Mail Armor
26:43 Bow Saw
28:13 Murder Holes
32:06 Ballistics
32:35 Heavy Plow
35:33 Wheelbarrow
34:43 Town Watch
37:53 Imperial Age
38:20 Hand Cart
38:06 Town Patrol
37:56 Crossbowman
38:42 Thumb Ring
41:47 Crop Rotation
42:20 Two-Man Saw
42:37 Arbalester
Skucuker
10:23 Feudal Age
10:53 Double-Bit Axe
12:10 Horse Collar
17:25 Castle Age
16:44 Loom
18:54 Loom
19:40 Bow Saw
20:32 Wheelbarrow
21:25 Heavy Plow
24:26 Stone Mining
24:29 Gold Mining
25:12 Hand Cart
25:47 Husbandry
25:58 Bloodlines
27:31 Scale Barding Armor
27:39 Forging
29:39 Gold Shaft Mining
29:39 Town Watch
31:01 Stone Shaft Mining
34:26 Imperial Age
34:11 Chain Barding Armor
34:26 Iron Casting
34:26 Town Patrol
35:06 Heavy Camel Rider
39:30 Plate Barding Armor
39:55 Blast Furnace
ROMMEL X
11:06 Feudal Age
15:04 Castle Age
14:32 Double-Bit Axe
20:59 Fletching
dajaegbu
5:48 Loom
12:05 Feudal Age
12:59 Double-Bit Axe
13:08 Horse Collar
14:09 Wheelbarrow
17:35 Castle Age
18:32 Bow Saw
18:43 Man-at-Arms
27:35 Imperial Age
27:21 Scale Mail Armor
27:12 Gambesons
28:30 Long Swordsman
31:57 Two-Man Saw
32:00 Forging
33:35 Chain Mail Armor
33:56 Iron Casting
32:50 Two-Handed Swordsman
34:01 Conscription
34:25 Elite Organ Gun
35:51 Hand Cart
36:53 Champion
42:16 Plate Mail Armor
42:46 Blast Furnace
43:16 Arquebus
Peacemaker2000
11:19 Feudal Age
12:04 Double-Bit Axe
12:59 Horse Collar
19:43 Castle Age
17:55 Stone Mining
18:28 Scale Mail Armor
20:00 Man-at-Arms
21:05 Heavy Plow
21:24 Forging
23:34 Wheelbarrow
25:09 Chain Mail Armor
27:37 Gold Mining
29:09 Iron Casting
29:46 Squires
34:15 Imperial Age
32:07 Arson
34:40 Gold Shaft Mining
34:29 Capped Ram
36:01 Plate Mail Armor
35:54 Conscription
36:48 Elite Samurai
38:57 Blast Furnace
38:37 Murder Holes
39:04 Gambesons
39:39 Pikeman
39:41 Long Swordsman
40:22 Two-Handed Swordsman
40:58 Champion
41:40 Halberdier
Kanto
10:55 Feudal Age
11:46 Loom
14:47 Castle Age
12:37 Double-Bit Axe
12:36 Horse Collar
15:54 Bow Saw
15:45 Heavy Plow
19:49 Wheelbarrow
20:55 Gold Mining
22:10 Stone Mining
22:36 Scale Mail Armor
22:24 Arson
22:31 Town Watch
23:37 Chain Mail Armor
25:58 Fortified Wall
28:29 Imperial Age
27:40 Forging
27:21 Fletching
27:53 Ballistics
28:18 Gold Shaft Mining
28:19 Stone Shaft Mining
28:06 Hand Cart
28:10 Masonry
28:10 Kshatriyas
29:43 Iron Casting
29:36 Conscription
29:54 Hoardings
30:11 Architecture
31:12 Crop Rotation
31:29 Plate Mail Armor
31:47 Elite Chakram Thrower
32:48 Bodkin Arrow
37:31 Light Cavalry
38:22 Bloodlines
38:12 Husbandry
38:21 Scale Barding Armor
38:17 Bracer
38:01 Hussar
39:48 Chain Barding Armor
40:34 Murder Holes
40:19 Treadmill Crane
40:26 Elite Shrivamsha Rider
43:38 Plate Barding Armor
45:03 Chemistry
43:44 Treadmill Crane
Connection lost

Rejoining the realm…

Still unreachable

The connection could not be restored.

Session expired

The server has moved on; the page needs a fresh start.